 Dungeon Sprint DCSS version 0.28-a0-1616-g050a50673c (webtiles) character file.

Game seed: 4961912612874161489

67950 mhtbhm the Slayer (level 14, -2/160 HPs)
             Began as a Minotaur Fighter on Jan 22, 2022.
             Was an Initiate of Gozag.
             Killed from afar by Jory (57 damage)
             ... with a crystal spear
             ... in the Dungeon (Sprint IX: "|||||||||||||||||||||||||||||").
             The game lasted 00:15:42 (7358 turns).

mhtbhm the Slayer (Minotaur Fighter)                Turns: 7358, Time: 00:15:43

Health: -2/160     AC: 23    Str: 31    XL:     14   Next: 84%
Magic:  13/13      EV: 15    Int:  5    God:    Gozag
Gold:   7947       SH: 17    Dex: 11    Spells: 13/13 levels left

rFire   + + .      SeeInvis +   a - +3 morningstar (drain)
rCold   + + .      Faith    .   F - +2 shield of Resistance {rF++ rC++ Will++}
rNeg    . . .      Spirit   .   b - +3 ring mail {rPois}
rPois   +          Reflect  .   x - +2 hat {SInv}
rElec   .          Harm     .   D - +1 cloak
rCorr   +          Rampage  +   m - +0 pair of gloves
Will    +++..      NoTele   +   G - +2 pair of boots {rampage}
Stlth   +++++.....              (no amulet)
HPRegen 0.36/turn               t - ring of resist corrosion
MPRegen 0.13/turn               s - +6 ring of strength

@: no status effects
A: horns 2, retaliatory headbutt
a: Renounce Religion, Potion Petition, Call Merchant, Bribe Branch


You were in the Dungeon.
You worshipped Gozag.
Gozag was greatly pleased with you.
You visited 1 branch You collected 17815 gold pieces.
You spent 3773 gold pieces at shops.
You paid 6095 gold pieces to Gozag.

Inventory:

Hand Weapons
 a - a +3 morningstar of draining (weapon)
Missiles
 d - 7 poisoned darts (quivered)
Armour
 b - a +3 ring mail of poison resistance (worn)
 c - a +1 tower shield
 m - a +0 pair of gloves (worn)
 x - a +2 hat of see invisible (worn)
 D - a +1 cloak (worn)
 F - the +2 shield of Resistance (worn) {rF++ rC++ Will++}
   (You bought it in a shop in the Dungeon)

   rF:        It greatly protects you from fire.
   rC:        It greatly protects you from cold.
   Will:      It greatly increases your willpower.
 G - a +2 pair of boots of rampaging (worn)
Jewellery
 s - a +6 ring of strength (right hand)
 t - a ring of resist corrosion (left hand)
 y - a ring of protection from fire
 A - a ring of willpower
Wands
 l - a wand of iceblast (2)
 B - a wand of paralysis (9)
Scrolls
 j - 2 scrolls of blinking
 k - 2 scrolls of amnesia
 o - a scroll of brand weapon
 p - 8 scrolls of enchant weapon
 q - 3 scrolls of identify
 r - 2 scrolls of enchant armour
 u - a scroll of immolation
 v - 4 scrolls of fog
 w - a scroll of fear
 z - 3 scrolls of holy word
Potions
 e - 6 potions of curing
 f - 3 potions of heal wounds
 g - a potion of might
 h - 4 potions of magic
 i - 2 potions of mutation
 E - a potion of invisibility


   Skills:
 + Level 24.9 Fighting
 + Level 24.2 Maces & Flails
 + Level 3.0 Throwing
 + Level 19.6 Armour
 + Level 11.1 Dodging
 + Level 15.5 Stealth
 + Level 22.4 Shields
 + Level 4.4 Evocations


You had 13 spell levels left.
You didn't know any spells.
Your spell library was empty.

Dungeon Overview and Level Annotations

Branches:
Dungeon (1/1)

Altars:
Cheibriados
Dithmenos
Elyvilon
Fedhas
Gozag
Hepliaklqana
Kikubaaqudgha
Makhleb
Nemelex Xobeh
Okawaru
Qazlal
Ru
Sif Muna
Trog
Uskayaw
Vehumet
Wu Jian
Xom
Yredelemnul
Zin
The Shining One
Beogh
Jiyva
Lugonu

Shops:
D [?*[(

Annotations:
D Boris, Jory


Innate Abilities, Weirdness & Mutations

You have a pair of horns on your head.
You reflexively headbutt those who attack you in melee.


Message History

Jory is lightly damaged.
Boris shouts!
You closely miss Jory.
Jory is lightly damaged.
Boris mumbles some strange words.
Boris flickers and vanishes for a moment.
Jory barely misses you. Jory completely misses you.
You hit Jory. Your headbutt misses Jory.
Jory is lightly damaged.
Jory says, "Priests don't scare me."
Jory hits you with a +0 battleaxe of flaming!!
Jory burns you. You block Jory's attack.
You closely miss Jory. Your headbutt misses Jory.
Jory is lightly damaged.
You closely miss Jory.
Jory is lightly damaged.
Jory hits you with a +0 battleaxe of flaming!
Jory bites you. Jory draws strength from your injuries!
You barely miss Jory. You headbutt Jory!
Jory is lightly damaged.
Jory hits you with a +0 battleaxe of flaming!
* * * LOW HITPOINT WARNING * * *
Jory closely misses you.
You barely miss Jory.
Jory is lightly damaged.
Boris howls an incantation.
You feel troubled. You block Jory's attack. x2
You puncture Jory!
Jory is moderately damaged.
Jory hits you with a +0 battleaxe of flaming.
* * * LOW HITPOINT WARNING * * *
Jory bites you.
* * * LOW HITPOINT WARNING * * *
Jory draws strength from your injuries!
You feel much better. Jory casts a spell at you. The crystal spear hits you!!!
You die...
Your body crumbles into a pile of gold.

.............).........▓
▓▓▓▓▓▓▓▓▓▓▓▓▓▓▓▓▓▓▓▓▓▓▓▓
')..).))).'............▓
▓▓▓▓▓▓▓▓▓▓▓▓▓▓▓▓▓▓▓▓▓▓.▓
.......[...[...........▓
▓▓▓▓▓▓▓▓▓▓▓▓▓▓▓▓▓▓▓▓▓▓▓▓
[))).........'.........▓
▓▓▓▓▓▓▓▓▓▓▓▓▓▓▓▓▓▓▓▓▓▓.▓
.....LV@......▓
▓▓▓▓▓▓▓▓▓▓▓▓▓▓▓


You could see Jory and Boris (invisible).

Vanquished Creatures
  Gastronok (D)
  Frances (D)
  A storm dragon (D)
  A nagaraja (D)
  A fire giant (D)
  4 frost giants (D)
  An emperor scorpion (D)
  2 very ugly things (D)
  An ironbound thunderhulk (D)
  5 stone giants (D)
  3 ironbound preservers (D)
  Nessos (D)
  A dire elephant (D)
  An entropy weaver (D)
  2 bunyips (D)
  An ettin (D)
  Snorg (D)
  5 great orbs of eyes (D)
  A yaktaur captain (D)
  An ice dragon (D)
  3 rakshasas (D)
  4 hydras (D)
  2 boulder beetles (D)
  2 ironbound frosthearts (D)
  An anaconda (D)
  A centaur warrior (D)
  2 spriggan air magi (D)
  A radroach (D)
  2 two-headed ogres (D)
  A vampire mage (D)
  A spriggan berserker (D)
  A shock serpent (D)
  9 orc high priests (D)
  Nergalle (D)
  A steelbarb worm (D)
  A glowing orange brain (D)
  A spriggan druid (D)
  A swamp dragon (D)
  A harpy (D)
  4 ironbound convokers (D)
  A necromancer (D)
  7 orc knights (D)
  2 wolf spiders (D)
  A will-o-the-wisp (D)
  An orc sorcerer (D)
  An ugly thing (D)
  A cyclops (D)
  A salamander (D)
  An elephant (D)
  Maurice (D)
  2 vault sentinels (D)
  A black mamba (D)
  6 cane toads (D)
  A torpor snail (D)
  A naga mage (D)
  A demonic crawler (D)
  An unseen horror (D)
  4 komodo dragons (D)
  A freezing wraith (D)
  2 meliai (D)
  A troll (D)
  5 merfolk (D)
  A wind drake (D)
  3 slime creatures (D)
  2 snapping turtles (D)
  4 yaks (D)
  2 wyverns (D)
  A basilisk (D)
  3 vampire mosquitoes (D)
  3 nagas (D)
  4 water moccasins (D)
  9 orc warriors (D)
  A swamp drake (D)
  A wolf (D)
  A boggart (D)
  A phantom (D)
  A kobold brigand (D)
  3 bullfrogs (D)
  A hound (D)
  4 orc priests (D)
  4 orc wizards (D)
  2 iguanas (D)
  4 orcs (D)
  An endoplasm (D)
  2 ball pythons (D)
  A ball python zombie (D)
  A bat (D)
  A kobold (D)
179 creatures vanquished.

Vanquished Creatures (others)
  A catoblepas (D)
  A bloated husk (D)
  An orc warrior (D)
3 creatures vanquished.

Grand Total: 182 creatures vanquished

Notes
Turn   | Place    | Note
-------+----------+-------------------------------------------
     0 | D        | mhtbhm the Minotaur Fighter began the quest for the Orb.
     0 | D        | Reached XP level 1. HP: 19/19 MP: 0/0
     5 | D        | Banished a spatial maelstrom
     6 | D        | Banished a spatial maelstrom
    34 | D        | Noticed an iguana
    34 | D        | Noticed an iguana
    34 | D        | Noticed a phantom
    34 | D        | Noticed a hound
    41 | D        | Killed an iguana
    42 | D        | Reached skill level 5 in Fighting
    42 | D        | Reached skill level 5 in Armour
    42 | D        | Reached skill level 5 in Shields
    42 | D        | Reached XP level 2. HP: 29/29 MP: 1/1
    42 | D        | Reached XP level 3. HP: 36/36 MP: 2/2
    47 | D        | Killed a phantom
    48 | D        | Reached skill level 5 in Maces & Flails
    48 | D        | Reached XP level 4. HP: 47/47 MP: 3/3
    50 | D        | Reached XP level 5. HP: 53/53 MP: 4/4
    76 | D        | Found a snail-covered altar of Cheibriados.
    76 | D        | Found a shadowy altar of Dithmenos.
    76 | D        | Found a white marble altar of Elyvilon.
    76 | D        | Found a blossoming altar of Fedhas.
    76 | D        | Found an opulent altar of Gozag.
    77 | D        | Found a hazy altar of Hepliaklqana.
    78 | D        | Found a viscous altar of Jiyva.
    79 | D        | Found an ancient bone altar of Kikubaaqudgha.
    80 | D        | Found a corrupted altar of Lugonu.
    81 | D        | Found a burning altar of Makhleb.
    82 | D        | Found a sparkling altar of Nemelex Xobeh.
    83 | D        | Found an iron altar of Okawaru.
    84 | D        | Became a worshipper of Gozag Ym Sagoz the Greedy
    85 | D        | Found a stormy altar of Qazlal.
    86 | D        | Found a sacrificial altar of Ru.
    87 | D        | Found a shimmering blue altar of Sif Muna.
    88 | D        | Found a bloodstained altar of Trog.
    89 | D        | Found a hide-covered altar of Uskayaw.
    90 | D        | Found a radiant altar of Vehumet.
    91 | D        | Found an ornate altar of the Wu Jian Council.
    92 | D        | Found a shimmering altar of Xom.
    93 | D        | Found a basalt altar of Yredelemnul.
    94 | D        | Found a glowing silver altar of Zin.
    95 | D        | Found a glowing golden altar of the Shining One.
   142 | D        | Noticed a vampire mosquito
   142 | D        | Noticed a komodo dragon
   142 | D        | Noticed a yak
   142 | D        | Noticed a yak
   142 | D        | Noticed a two-headed ogre
   162 | D        | Killed a vampire mosquito
   163 | D        | Reached XP level 6. HP: 48/64 MP: 5/5
   165 | D        | Killed a komodo dragon
   166 | D        | Reached skill level 10 in Fighting
   166 | D        | Reached skill level 10 in Armour
   166 | D        | Reached skill level 1 in Stealth
   166 | D        | Reached XP level 7. HP: 55/73 MP: 6/6
   167 | D        | Killed a yak
   168 | D        | Reached skill level 1 in Dodging
   170 | D        | Killed a yak
   171 | D        | Reached skill level 10 in Maces & Flails
   174 | D        | Killed a two-headed ogre
   175 | D        | Reached skill level 10 in Shields
   175 | D        | Reached XP level 8. HP: 37/83 MP: 7/7
   380 | D        | Noticed a troll
   380 | D        | Noticed a red ugly thing
   380 | D        | Noticed a two-headed ogre
   380 | D        | Noticed a catoblepas
   380 | D        | Noticed a cyclops
   394 | D        | Killed a troll
   395 | D        | Killed a red ugly thing
   396 | D        | Reached skill level 1 in Evocations
   396 | D        | Reached XP level 9. HP: 92/92 MP: 8/8
   413 | D        | Killed an unseen horror
   418 | D        | Killed a two-headed ogre
   432 | D        | Killed a catoblepas
   433 | D        | Reached skill level 5 in Stealth
   442 | D        | Killed a cyclops
   704 | D        | Noticed a five-headed hydra
   704 | D        | Noticed a komodo dragon
   712 | D        | Reached XP level 10. HP: 90/102 MP: 9/9
   764 | D        | Killed a five-headed hydra
   765 | D        | Reached skill level 15 in Maces & Flails
  1132 | D        | Noticed a cane toad
  1144 | D        | Noticed an elephant
  1148 | D        | Reached skill level 15 in Fighting
  1148 | D        | Reached skill level 15 in Armour
  1151 | D        | Killed a cane toad
  1173 | D        | Killed an elephant
  1263 | D        | Noticed a cane toad
  1263 | D        | Noticed a cane toad
  1263 | D        | Noticed a cane toad
  1263 | D        | Noticed a cane toad
  1266 | D        | Noticed a cane toad
  1275 | D        | Killed a cane toad
  1282 | D        | Killed a cane toad
  1283 | D        | Reached XP level 11. HP: 83/114 MP: 10/10
  1651 | D        | Noticed an ettin
  1670 | D        | Killed an ettin
  1671 | D        | Reached skill level 5 in Dodging
  1916 | D        | Noticed an orc knight
  1916 | D        | Noticed an orc sorcerer
  1925 | D        | Killed an orc knight
  1927 | D        | Killed an orc sorcerer
  2139 | D        | Found Xinoadgh's General Store.
  2139 | D        | Noticed an orc high priest
  2139 | D        | Noticed an orc high priest
  2139 | D        | Noticed an orc knight
  2139 | D        | Noticed an orc knight
  2139 | D        | Noticed an orc knight
  2141 | D        | Noticed an orc high priest
  2145 | D        | Killed an orc high priest
  2149 | D        | Killed an orc high priest
  2150 | D        | Reached skill level 10 in Stealth
  2151 | D        | Noticed a sixfirhy
  2162 | D        | Noticed an orc high priest
  2165 | D        | Killed an orc knight
  2350 | D        | Killed an orc knight
  2563 | D        | Killed an orc high priest
  2564 | D        | Reached skill level 1 in Throwing
  2726 | D        | Killed an orc knight
  2973 | D        | Killed an orc high priest
  3239 | D        | Noticed an orc high priest
  3251 | D        | Noticed a soul eater
  3257 | D        | Killed an orc high priest
  3258 | D        | Reached XP level 12. HP: 47/128 MP: 11/11
  3548 | D        | Found Xoujur's Armour Shoppe.
  3552 | D        | Found Nuluo's Magic Scroll Emporium.
  3556 | D        | Found Buoniz's Antique Weapon Shoppe.
  3558 | D        | Noticed an orc high priest
  3559 | D        | Noticed an orc high priest
  3561 | D        | Noticed an orc high priest
  3565 | D        | Killed an orc high priest
  3565 | D        | Noticed an orc high priest
  3576 | D        | Killed an orc high priest
  3624 | D        | Killed an orc high priest
  3633 | D        | Killed an orc high priest
  3916 | D        | Upgraded the game from 0.28-a0-1613-gdaab1c2f9b to
                  | 0.28-a0-1616-g050a50673c
  3924 | D        | Bought a +3 morningstar of draining for 266 gold pieces
  3925 | D        | Bought a scroll of brand weapon for 220 gold pieces
  3929 | D        | Bought a scroll of identify for 22 gold pieces
  3929 | D        | Bought a scroll of enchant weapon for 82 gold pieces
  3929 | D        | Bought a scroll of identify for 22 gold pieces
  3929 | D        | Bought a scroll of enchant weapon for 82 gold pieces
  3929 | D        | Bought a scroll of immolation for 38 gold pieces
  3929 | D        | Bought a scroll of fog for 22 gold pieces
  3929 | D        | Bought a scroll of fear for 38 gold pieces
  3929 | D        | Bought a scroll of blinking for 82 gold pieces
  3982 | D        | Noticed Gastronok
  4001 | D        | Killed Gastronok
  4299 | D        | Noticed a seven-headed hydra
  4299 | D        | Noticed a boulder beetle
  4308 | D        | Killed a seven-headed hydra
  4319 | D        | Noticed a boulder beetle
  4321 | D        | Killed a boulder beetle
  4322 | D        | Reached skill level 15 in Shields
  4325 | D        | Noticed a vampire mage
  4336 | D        | Killed a boulder beetle
  4337 | D        | Noticed a cyan very ugly thing
  4337 | D        | Noticed a great orb of eyes
  4343 | D        | Killed a vampire mage
  4344 | D        | Noticed a frost giant
  4345 | D        | Noticed a fire giant
  4347 | D        | Noticed a frost giant
  4352 | D        | Killed a cyan very ugly thing
  4365 | D        | Killed a frost giant
  4370 | D        | Killed a fire giant
  4375 | D        | Killed a great orb of eyes
  4381 | D        | Reached XP level 13. HP: 140/140 MP: 12/12
  4382 | D        | Killed a frost giant
  4509 | D        | Noticed Nergalle
  4516 | D        | Killed Nergalle
  4545 | D        | Noticed Snorg
  4552 | D        | Killed Snorg
  4636 | D        | Noticed a nagaraja
  4670 | D        | Killed a nagaraja
  4892 | D        | Bought a scroll of holy word for 97 gold pieces
  4892 | D        | Bought a scroll of holy word for 97 gold pieces
  4892 | D        | Bought a scroll of enchant weapon for 97 gold pieces
  4892 | D        | Bought a scroll of holy word for 97 gold pieces
  4892 | D        | Bought a scroll of enchant weapon for 97 gold pieces
  4892 | D        | Bought a scroll of fog for 26 gold pieces
  4894 | D        | Noticed an emperor scorpion
  4894 | D        | Noticed an entropy weaver
  4915 | D        | Killed an emperor scorpion
  4920 | D        | Killed an entropy weaver
  5040 | D        | Noticed a bunyip
  5040 | D        | Noticed a bunyip
  5048 | D        | Killed a bunyip
  5052 | D        | Killed a bunyip
  5499 | D        | Noticed Nessos
  5516 | D        | Killed Nessos
  5620 | D        | Noticed Frances
  5638 | D        | Killed Frances
  5763 | D        | Noticed Maurice
  5770 | D        | Killed Maurice
  5810 | D        | Noticed a frost giant
  5810 | D        | Noticed a frost giant
  5815 | D        | Bought the +2 shield of Resistance {rF++ rC++ Will++} for
                  | 2141 gold pieces
  5815 | D        | Found the +2 shield of Resistance {rF++ rC++ Will++}
  5815 | D        | Bought a pair of glowing boots for 247 gold pieces
  5840 | D        | Noticed a stone giant
  5843 | D        | Reached XP level 14. HP: 153/155 MP: 13/13
  5845 | D        | Killed a frost giant
  5846 | D        | Reached skill level 10 in Dodging
  5849 | D        | Noticed a storm dragon
  5852 | D        | Killed a frost giant
  5867 | D        | Noticed a stone giant
  6309 | D        | Killed a stone giant
  6412 | D        | Killed a storm dragon
  6437 | D        | Killed a stone giant
  6564 | D        | Noticed a stone giant
  6573 | D        | Killed a stone giant
  6584 | D        | Noticed a stone giant
  6600 | D        | Killed a stone giant
  6624 | D        | Noticed a stone giant
  6630 | D        | Killed a stone giant
  6696 | D        | Noticed an ironbound preserver
  6702 | D        | Noticed an ironbound preserver
  6715 | D        | Reached skill level 15 in Stealth
  6720 | D        | Killed an ironbound preserver
  6723 | D        | Noticed an ironbound preserver
  6724 | D        | Noticed a purple very ugly thing
  6728 | D        | Noticed an ironbound thunderhulk
  6743 | D        | Killed an ironbound preserver
  7136 | D        | Killed an ironbound preserver
  7230 | D        | Killed a purple very ugly thing
  7278 | D        | Killed an ironbound thunderhulk
  7343 | D        | Noticed Jory
  7346 | D        | Noticed Boris
  7358 | D        | Killed from afar by Jory

Illustrated notes

Levels and vault maps discovered:
D:        linesprint [early_d, line_temple, items_1, d_10, items_2, lair_1,
          lair_end, items_3, orc_1, orc_end, items_4, d_15, swamp_1, shoals_1,
          snake_1, spider_1, d_20, vaults_1, items_5, swamp_end, shoals_end,
          snake_end, spider_end, vaults_end, d_27, items_6, zot_1, zot_end,
          crypt_end, forest_end, elf_end, slime_end, tomb_end, abyss_end,
          pan_hell_end]

Skill      XL: |  1  2  3  4  5  6  7  8  9 10 11 12 13 14 |
---------------+-------------------------------------------+-----
Fighting       | 5 7 9 10 12 13 15 18 20 22 24 | 24.9
Armour         | 5 7 9 10 12 13 14 15 16 18 19 | 19.6
Shields        | 5 6 7 8 9 10 11 12 14 15 19 22 | 22.4
Maces & Flails | 3 5 7 9 11 12 14 16 18 20 22 24 | 24.2
Stealth        | 1 3 5 8 10 12 13 15 | 15.5
Dodging        | 1 2 4 6 7 9 11 | 11.1
Evocations     | 1 2 4 |  4.4
Throwing       | 1 3 |  3.0

Action                   |  1- 3 |  4- 6 |  7- 9 | 10-12 | 13-15 || total
-------------------------+-------+-------+-------+-------+-------++-------
Melee: Flail             |    22 |    21 |    38 |   189 |       ||   270
       Headbutt          |     1 |     5 |    13 |   112 |   104 ||   235
       Mace              |       |       |       |   181 |       ||   181
       Morningstar       |       |       |       |    80 |   404 ||   484
Throw: Dart              |       |       |       |     6 |       ||     6
Invok: Potion Petition   |       |       |     1 |     7 |     2 ||    10
       Call Merchant     |       |       |       |       |     2 ||     2
Evoke: Wand              |       |       |     7 |     1 |       ||     8
  Use: Potion            |     2 |     4 |     1 |     5 |     2 ||    14
       Scroll            |       |       |       |     3 |     2 ||     5
 Stab: Invisible         |       |     2 |     6 |    11 |       ||    19
       Distracted        |       |       |       |     6 |    10 ||    16
       Sleeping          |       |       |       |       |     6 ||     6
       Confused          |       |       |       |       |     1 ||     1
Armor: Scale mail        |    11 |       |       |       |       ||    11
       Chain mail        |       |     9 |    10 |    77 |       ||    96
       Ring mail         |       |       |       |     8 |    66 ||    74
Dodge: Dodged            |     7 |     8 |     6 |    80 |    88 ||   189
Block: Buckler           |     3 |     7 |     4 |    72 |       ||    86
       Tower shield      |       |       |       |    25 |   158 ||   183
       Kite shield       |       |       |       |       |    89 ||    89

Table legend: (Time is in decaauts)
 A = Elapsed time spent in this place.
 B = Non-inter-level travel time spent in this place.
 C = Inter-level travel time spent in this place.
 D = Time resting spent in this place.
 E = Time spent auto-exploring this place.
 F = Levels seen in this place.
 G = Mean time per level.
                   A        B        C        D        E       F      G
               +--------+--------+--------+--------+--------+-----+--------+
         Total |   7156 |   7156 |      0 |   2502 |   2447 |   1 | 7156.0 |
       Dungeon |   7156 |   7156 |      0 |   2502 |   2447 |   1 | 7156.0 |
               +--------+--------+--------+--------+--------+-----+--------+

Top non-repeatable levels by time:
       D: 7156 daAuts
